omghax, neutral male scurrid Tourist -+---+-- - +........| |..Z@..%.- |.....l..| ---------- omghax the Rambler Experience level: 1 Strength: 13 Dexterity: 13 Constitution: 14 Intelligence: 12 Wisdom: 7 Charisma: 16 Health: 0(9) Energy: 2(2) Def: 0 Gold: 950 Moves: 50 Dungeon seed: EZ5pBx5sKRpEyMpK Game ID: omghax_1498611983 Your Inventory: Coins $ - 950 gold pieces Weapons a - 38 uncursed +2 darts (in quiver) Armor e - an uncursed +0 Hawaiian shirt (being worn) Comestibles b - an uncursed cream pie c - an uncursed egg d - 2 uncursed chestnuts f - 3 uncursed food rations g - an uncursed pancake h - 2 uncursed tripe rations i - an uncursed pear Scrolls l - 4 uncursed scrolls of magic mapping Potions j - an uncursed potion of extra healing k - a blessed potion of extra healing Wands o - an uncursed wand of secret door detection (0:11) Tools m - an uncursed expensive camera (0:96) n - an uncursed credit card p - an uncursed leash Spells and supernatural/magical abilities: Name Level Category Fail Memory W - pray for help -- divine ? -- Your skills at the end: Miscellaneous Skills wands [Basic] Weapon Skills dart [Basic] Spellcasting Skills Final Attributes: You were devoutly aligned. You had infravision. You were very stealthy. You are dead. Vanquished creatures: a gecko Voluntary challenges: You went without food. You did not adorn yourself with jewelry or accessories. You did not cause conflict. You were not invisible. You did not have reflection. You were not displaced. You were an atheist. You never hit with a wielded weapon. You were a pacifist. You did not use tools. You did not use plumbed fixtures. You did not drink any magical draughts. You were illiterate. You never genocided any monsters. You never polymorphed an object. You never changed form. You used no wishes. You never split a pudding. You never wrote Elbereth's name. You never violated your personal moral code. Dungeon overview: The Dungeons of Doom: levels 1 to 12 Level 1 a long staircase Level 2 Level 3 a fountain Level 4 Level 5 Level 6 Level 7 a fountain Level 8 Level 9 Level 10 Level 11 Level 12 <- You were here History has recorded: On T:1 you entered the Dungeons of Doom to retrieve the Amulet of Yendor! On T:25 you reached level 2 of The Dungeons of Doom. On T:28 you reached level 3 of The Dungeons of Doom. On T:30 you reached level 4 of The Dungeons of Doom. On T:32 you reached level 5 of The Dungeons of Doom. On T:34 you reached level 6 of The Dungeons of Doom. On T:37 you reached level 7 of The Dungeons of Doom. On T:39 you reached level 8 of The Dungeons of Doom. On T:41 you reached level 9 of The Dungeons of Doom. On T:43 you reached level 10 of The Dungeons of Doom. On T:47 you reached level 11 of The Dungeons of Doom. On T:49 you reached level 12 of The Dungeons of Doom. Score breakdown: Gold: 0 ( 0 points) Experience: 1 level ( 0 points) Exploration: 12 levels ( 330 points) Discoveries: 0 items ( 0 points) Variety of kills: 1 monster ( 50 points) Major goal: (nothing yet) ( 0 points) Survival: died (score multiplied by 3) Total score: 1140 Latest messages: You have no weapon equipped. You start digging downward. The kobold zombie scratches you! You continue digging downward. You dig a pit in the floor. You continue digging downward. You dig a hole through the floor. You fall through... You start digging downward. The kobold zombie scratches you! You continue digging downward. You dig a pit in the floor. You continue digging downward. You dig a hole through the floor. You fall through... You receive a faint telepathic message from Twoflower: Your help is urgently needed at Ankh-Morpork! Look for a ...ic transporter. You couldn't quite make out that last message. You start digging downward. The kobold zombie scratches you! You die... Final status: Aloha omghax the Tourist, killed by a kobold zombie... You died in The Dungeons of Doom on dungeon level 12 with 1140 points, and 950 pieces of gold, after 50 moves. You were level 1 with a maximum of 9 hit points when you died.